PL
ATHLETIC CLUB KC @ NORTHERN VIRGINIA RETRIEVERS
07/30/2024
 
TOP OF THE 1ST
Athletic Club KC batting - Pitching for Northern Virginia Retrievers : RHP Javier Mora
Pitching: RHP Javier Mora
Batting: LHB Thatcher Douglas 0-0: Ball
1-0: SOLO HOME RUN (Flyball, 9D), Distance : 392 ft
Batting: SHB David Henderson 0-0: Ball
1-0: Called Strike
1-1: Ball
2-1: Ground out 3-1 (Groundball, 34)
Batting: RHB David Edwards 0-0: Ball
1-0: Foul Ball, location: 2F
1-1: Ball
2-1: Called Strike
2-2: Strikes out swinging
Batting: RHB John Downing 0-0: Ball
1-0: Ball
2-0: Ball
3-0: Foul Ball, location: 2F
3-1: Swinging Strike
3-2: Strikes out looking
Top of the 1st over - 1 run(s), 1 hit(s), 0 error(s), 0 left on base; Athletic Club KC 1 - Northern Virginia 0
BOTTOM OF THE 1ST
Northern Virginia Retrievers batting - Pitching for Athletic Club KC : LHP Bill Oulton
Pitching: LHP Bill Oulton
Batting: RHB Luis Rodríguez 0-0: Ball
1-0: Called Strike
1-1: Called Strike
1-2: Strikes out swinging
Batting: LHB Roberto Salazar 0-0: Ball
1-0: Called Strike
1-1: Foul Ball, location: 2F
1-2: SINGLE (Line Drive, 3L)
Batting: RHB Bob Heller 0-0: Called Strike
0-1: Ball
1-1: Ball
2-1: Ball
3-1: Base on Balls
Roberto Salazar to second
Batting: RHB Teruo Nakayama 0-0: Ball
1-0: Foul Ball, location: 2F
1-1: Ball
2-1: Swinging Strike
2-2: Ball
3-2: Base on Balls
Roberto Salazar to third
Bob Heller to second
Batting: LHB Chad Armstrong 0-0: Called Strike
0-1: Ball
1-1: Ball
2-1: Foul Ball, location: 2F
2-2: Fly out, F3 (Popup, 13)
Batting: RHB Gil Moore 0-0: Called Strike
0-1: Foul Ball, location: 2F
0-2: Ball
1-2: Foul Ball, location: 2F
1-2: DOUBLE (Groundball, 5L)
Roberto Salazar scores
Bob Heller scores
Teruo Nakayama to third
Batting: LHB Francisco Ornelas 0-0: Called Strike
0-1: Called Strike
0-2: Ball
1-2: Strikes out looking
Bottom of the 1st over - 2 run(s), 2 hit(s), 0 error(s), 2 left on base; Athletic Club KC 1 - Northern Virginia 2
TOP OF THE 2ND
Athletic Club KC batting - Pitching for Northern Virginia Retrievers : RHP Javier Mora
Batting: RHB Ramón Souza 0-0: Ball
1-0: Foul Ball, location: 2F
1-1: Foul Ball, location: 2F
1-2: Foul Ball, location: 2F
1-2: Ball
2-2: Fly out, F7 (Flyball, 7M)
Batting: LHB Kelly Brown 0-0: Ball
1-0: Swinging Strike
1-1: Called Strike
1-2: Strikes out swinging
Batting: SHB Pedro Vázquez 0-0: Called Strike
0-1: Fly out, F8 (Flyball, 8LD)
Top of the 2nd over - 0 run(s), 0 hit(s), 0 error(s), 0 left on base; Athletic Club KC 1 - Northern Virginia 2
BOTTOM OF THE 2ND
Northern Virginia Retrievers batting - Pitching for Athletic Club KC : LHP Bill Oulton
Batting: RHB Brett Callison 0-0: DOUBLE (Groundball, 5L)
Batting: RHB Eddie O'Bryan 0-0: Ball
1-0: Called Strike
1-1: Ball
2-1: Foul Ball, location: 2F
2-2: Fly out, F9 (Flyball, 89D)
Runner from 2nd tags up, SAFE at 3rd, no throw
Batting: RHB Luis Rodríguez 0-0: Ball
1-0: Ball
2-0: Called Strike
2-1: Foul Ball, location: 2F
2-2: Ground out 5-3 (Groundball, 5L)
Batting: LHB Roberto Salazar 0-0: Foul Ball, location: 2F
0-1: Fly out, F6 (Popup, 6D)
Bottom of the 2nd over - 0 run(s), 1 hit(s), 0 error(s), 1 left on base; Athletic Club KC 1 - Northern Virginia 2
TOP OF THE 3RD
Athletic Club KC batting - Pitching for Northern Virginia Retrievers : RHP Javier Mora
Batting: RHB Rick Atkinson 0-0: Called Strike
0-1: Ball
1-1: Called Strike
1-2: Strikes out swinging
Batting: RHB Michael Walker 0-0: Called Strike
0-1: Ball
1-1: SINGLE (Groundball, 56D)
Batting: LHB Thatcher Douglas 0-0: Ball
1-0: Foul Ball, location: 2F
1-1: Ball
2-1: Swinging Strike
2-2: Ball
3-2: DOUBLE (Flyball, 78D)
Michael Walker to third
Runner from 3rd tries for Home, SAFE, throw made at trailing runner, SAFE at third!
Batting: SHB David Henderson 0-0: Ball
1-0: Called Strike
1-1: Foul Ball, location: 2F
1-2: Strikes out swinging
Batting: RHB David Edwards 0-0: SINGLE (Groundball, 6)
Thatcher Douglas scores
Batting: RHB John Downing 0-0: Called Strike
0-1: Ball
1-1: Foul Ball, location: 2F
1-2: Ball
2-2: Strikes out looking
Top of the 3rd over - 2 run(s), 3 hit(s), 0 error(s), 1 left on base; Athletic Club KC 3 - Northern Virginia 2
BOTTOM OF THE 3RD
Northern Virginia Retrievers batting - Pitching for Athletic Club KC : LHP Bill Oulton
Batting: RHB Bob Heller 0-0: Called Strike
0-1: Ball
1-1: Foul Ball, location: 2F
1-2: Strikes out swinging
Batting: RHB Teruo Nakayama 0-0: Foul Ball, location: 2F
0-1: Swinging Strike
0-2: Ball
1-2: Strikes out swinging
Batting: LHB Chad Armstrong 0-0: Ball
1-0: Called Strike
1-1: Ball
2-1: Called Strike
2-2: Ball
3-2: Foul Ball, location: 2F
3-2: SINGLE (Groundball, 4MD)
Batting: RHB Gil Moore 0-0: Called Strike
0-1: Swinging Strike
0-2: Ball
1-2: Strikes out swinging
Bottom of the 3rd over - 0 run(s), 1 hit(s), 0 error(s), 1 left on base; Athletic Club KC 3 - Northern Virginia 2
TOP OF THE 4TH
Athletic Club KC batting - Pitching for Northern Virginia Retrievers : RHP Javier Mora
Batting: RHB Ramón Souza 0-0: Swinging Strike
0-1: Ball
1-1: Called Strike
1-2: Foul Ball, location: 2F
1-2: Ball
2-2: Ground out 3-1 (Groundball, 34)
Batting: LHB Kelly Brown 0-0: Ball
1-0: Called Strike
1-1: Foul Ball, location: 2F
1-2: Foul Ball, location: 2F
1-2: Ball
2-2: Ball
3-2: Ground out 1-3 (Groundball, 23)
Batting: SHB Pedro Vázquez 0-0: SINGLE (Groundball, 4MD)
Batting: RHB Rick Atkinson 0-0: Called Strike
0-1: Ball
Wild Pitch!
Pedro Vázquez to second
1-1: Called Strike
1-2: Ball
2-2: Foul Ball, location: 2F
2-2: Foul Ball, location: 2F
2-2: Ground out 6-3 (Groundball, 6)
Top of the 4th over - 0 run(s), 1 hit(s), 0 error(s), 1 left on base; Athletic Club KC 3 - Northern Virginia 2
BOTTOM OF THE 4TH
Northern Virginia Retrievers batting - Pitching for Athletic Club KC : LHP Bill Oulton
Batting: LHB Francisco Ornelas 0-0: Called Strike
0-1: Ball
1-1: Fly out, F7 (Flyball, 78M)
Batting: RHB Brett Callison 0-0: Ball
1-0: Called Strike
1-1: Ball
2-1: Fly out, F8 (Flyball, 89M)
Batting: RHB Eddie O'Bryan 0-0: Ball
1-0: Ball
2-0: Called Strike
2-1: Foul Ball, location: 2F
2-2: Fly out, F8 (Flyball, 8RXD)
Bottom of the 4th over - 0 run(s), 0 hit(s), 0 error(s), 0 left on base; Athletic Club KC 3 - Northern Virginia 2
TOP OF THE 5TH
Athletic Club KC batting - Pitching for Northern Virginia Retrievers : RHP Javier Mora
Batting: RHB Michael Walker 0-0: Foul Ball, location: 2F
0-1: Called Strike
0-2: Ball
1-2: Foul Ball, location: 2F
1-2: Strikes out swinging
Batting: LHB Thatcher Douglas 0-0: Foul Ball, location: 2F
0-1: Swinging Strike
0-2: Ball
1-2: Foul Ball, location: 2F
1-2: Foul Ball, location: 2F
1-2: Foul Ball, location: 2F
1-2: Strikes out swinging
Batting: SHB David Henderson 0-0: SINGLE (Groundball, 34)
Batting: RHB David Edwards 0-0: Called Strike
0-1: Ground out 6-3 (Groundball, 6)
Top of the 5th over - 0 run(s), 1 hit(s), 0 error(s), 1 left on base; Athletic Club KC 3 - Northern Virginia 2
BOTTOM OF THE 5TH
Northern Virginia Retrievers batting - Pitching for Athletic Club KC : LHP Bill Oulton
Batting: RHB Luis Rodríguez 0-0: Fly out, F9 (Flyball, 89D)
Batting: LHB Roberto Salazar 0-0: Ball
1-0: Called Strike
1-1: Ball
2-1: Called Strike
2-2: Ball
3-2: Fly out, F8 (Flyball, 8LM)
Batting: RHB Bob Heller 0-0: Ball
1-0: SINGLE (Groundball, 56)
Batting: RHB Teruo Nakayama 0-0: Swinging Strike
0-1: Ball
1-1: Ground out 5-3 (Groundball, 5L)
Bottom of the 5th over - 0 run(s), 1 hit(s), 0 error(s), 1 left on base; Athletic Club KC 3 - Northern Virginia 2
TOP OF THE 6TH
Athletic Club KC batting - Pitching for Northern Virginia Retrievers : RHP Javier Mora
Batting: RHB John Downing 0-0: Foul Ball, location: 2F
0-1: Foul Ball, location: 2F
0-2: Strikes out swinging passed ball, reaches first!
Batting: RHB Ramón Souza 0-0: Ball
1-0: Called Strike
1-1: Foul Ball, location: 2F
1-2: Foul Ball, location: 2F
1-2: Ball
2-2: Grounds into double play, 5-4-3 (Groundball, 5L)
Batting: LHB Kelly Brown 0-0: Foul Ball, location: 2F
0-1: Swinging Strike
0-2: Ball
1-2: Ball
2-2: Ground out 4-3 (Groundball, 4M)
Top of the 6th over - 0 run(s), 0 hit(s), 0 error(s), 0 left on base; Athletic Club KC 3 - Northern Virginia 2
BOTTOM OF THE 6TH
Northern Virginia Retrievers batting - Pitching for Athletic Club KC : LHP Bill Oulton
Batting: LHB Chad Armstrong 0-0: Ball
1-0: Foul Ball, location: 2F
1-1: Ball
2-1: Called Strike
2-2: Foul Ball, location: 2F
2-2: Ball
3-2: Base on Balls
Batting: RHB Gil Moore 0-0: Ball
1-0: Sac Bunt - play at first, batter OUT! 2-3
Chad Armstrong to second
Pitching: LHP Arnaldo Bodabalho
Batting: LHB Francisco Ornelas 0-0: Swinging Strike
0-1: Foul Ball, location: 2F
0-2: Ball
1-2: Ball
2-2: Ball
3-2: Strikes out looking
Batting: RHB Brett Callison 0-0: Ball
1-0: Swinging Strike
1-1: Ball
2-1: Ground out 6-3 (Groundball, 6)
Bottom of the 6th over - 0 run(s), 0 hit(s), 0 error(s), 1 left on base; Athletic Club KC 3 - Northern Virginia 2
TOP OF THE 7TH
Athletic Club KC batting - Pitching for Northern Virginia Retrievers : RHP Javier Mora
Pitching: LHP Edison Larson
Batting: SHB Pedro Vázquez 0-0: Ball
1-0: Foul Ball, location: 2F
1-1: Ball
2-1: Foul Ball, location: 2F
2-2: Ball
3-2: DOUBLE (Flyball, 8RXD)
Batting: RHB Rick Atkinson 0-0: Intentional Walk
Pinch Hitting: RHB Todd Blake 0-0: Bunt missed!
0-1: Sac Bunt - play at first, batter OUT! 1-4
Pedro Vázquez to third
Rick Atkinson to second
Batting: LHB Thatcher Douglas 0-0: Fly out, F7 (Flyball, 78D)
Runner from 3rd tags up, SCORES, no throw
Batting: SHB David Henderson 0-0: Ball
1-0: Ball
2-0: SINGLE (Groundball, 6D)
Rick Atkinson to third
Runner from 3rd tries for Home, throw and OUT!
Top of the 7th over - 1 run(s), 2 hit(s), 0 error(s), 1 left on base; Athletic Club KC 4 - Northern Virginia 2
BOTTOM OF THE 7TH
Northern Virginia Retrievers batting - Pitching for Athletic Club KC : LHP Arnaldo Bodabalho
Now at SS: Bill Dennis
Batting: RHB Eddie O'Bryan 0-0: Called Strike
0-1: Ball
1-1: Foul Ball, location: 2F
1-2: Ball
2-2: Foul Ball, location: 2F
2-2: Foul Ball, location: 2F
2-2: Ground out 5-3 (Groundball, 5L)
Batting: RHB Luis Rodríguez 0-0: Ball
1-0: Fly out, F8 (Flyball, 89M)
Batting: LHB Roberto Salazar 0-0: Ball
1-0: Fly out, F8 (Flyball, 8RM)
Bottom of the 7th over - 0 run(s), 0 hit(s), 0 error(s), 0 left on base; Athletic Club KC 4 - Northern Virginia 2
TOP OF THE 8TH
Athletic Club KC batting - Pitching for Northern Virginia Retrievers : LHP Edison Larson
Batting: RHB David Edwards 0-0: Called Strike
0-1: Ball
1-1: Ball
2-1: Foul Ball, location: 2F
2-2: Foul Ball, location: 2F
2-2: Ground out U3 (Groundball, 3S)
Batting: RHB John Downing 0-0: Ball
1-0: Foul Ball, location: 2F
1-1: Swinging Strike
1-2: Ball
2-2: Strikes out swinging
Batting: RHB Ramón Souza 0-0: Swinging Strike
0-1: Called Strike
0-2: Strikes out looking
Top of the 8th over - 0 run(s), 0 hit(s), 0 error(s), 0 left on base; Athletic Club KC 4 - Northern Virginia 2
BOTTOM OF THE 8TH
Northern Virginia Retrievers batting - Pitching for Athletic Club KC : LHP Arnaldo Bodabalho
Batting: RHB Bob Heller 0-0: Called Strike
0-1: Ground out 6-3 (Groundball, 6M)
Batting: RHB Teruo Nakayama 0-0: Fly out, F4 (Popup, 4MD)
Batting: LHB Chad Armstrong 0-0: Ball
1-0: Foul Ball, location: 2F
1-1: Called Strike
1-2: Ball
2-2: Foul Ball, location: 2F
2-2: Ball
3-2: Strikes out looking
Bottom of the 8th over - 0 run(s), 0 hit(s), 0 error(s), 0 left on base; Athletic Club KC 4 - Northern Virginia 2
TOP OF THE 9TH
Athletic Club KC batting - Pitching for Northern Virginia Retrievers : LHP Edison Larson
Batting: LHB Kelly Brown 0-0: Ball
1-0: Ball
2-0: Fly out, F9 (Flyball, 89M)
Batting: SHB Pedro Vázquez 0-0: Foul Ball, location: 2F
0-1: DOUBLE (Line Drive, 8LXD)
Batting: RHB Rick Atkinson 0-0: Ball
1-0: Ball
2-0: Swinging Strike
2-1: Ball
3-1: Called Strike
3-2: Strikes out looking
Batting: RHB Bill Dennis 0-0: Called Strike
0-1: Ball
1-1: Ball
2-1: Ball
3-1: Foul Ball, location: 2F
3-2: Base on Balls
Pitching: RHP Natalino Golaio
Batting: LHB Thatcher Douglas 0-0: Foul Ball, location: 2F
0-1: Called Strike
0-2: SINGLE (Line Drive, 5D)
Pedro Vázquez to third
Bill Dennis to second
Runner from 3rd tries for Home, SAFE, no throw or cutoff
Batting: SHB David Henderson 0-0: Ball
1-0: Ball
2-0: Called Strike
2-1: Ball
3-1: DOUBLE (Line Drive, 7D)
Bill Dennis scores
Thatcher Douglas to third
Runner from 3rd tries for Home, SAFE, no throw or cutoff
Batting: RHB David Edwards 0-0: Ball
1-0: Called Strike
1-1: Foul Ball, location: 2F
1-2: Foul Ball, location: 2F
1-2: Ball
2-2: Ball
3-2: Foul Ball, location: 2F
3-2: SINGLE (Groundball, 4M)
David Henderson to third
David Henderson scores
Batting: RHB John Downing 0-0: Fly out, F7 (Flyball, 78M)
Top of the 9th over - 4 run(s), 4 hit(s), 0 error(s), 1 left on base; Athletic Club KC 8 - Northern Virginia 2
BOTTOM OF THE 9TH
Northern Virginia Retrievers batting - Pitching for Athletic Club KC : LHP Arnaldo Bodabalho
Pitching: RHP Ole Kos
Batting: RHB Gil Moore 0-0: Ground out 6-3 (Groundball, 56)
Batting: LHB Francisco Ornelas 0-0: Ball
1-0: SINGLE (Line Drive, 3D)
Batting: RHB Brett Callison 0-0: Foul Ball, location: 2F
0-1: Fly out, F7 (Flyball, 7D)
Batting: RHB Eddie O'Bryan 0-0: Swinging Strike
0-1: Ball
1-1: Foul Ball, location: 2F
1-2: Ball
2-2: Ball
3-2: Fly out, F9 (Flyball, 9M)
Bottom of the 9th over - 0 run(s), 1 hit(s), 0 error(s), 1 left on base; Athletic Club KC 8 - Northern Virginia 2
This league is powered by Out of the Park Baseball, the baseball management simulation game for PC, Mac and Linux
Monday, October 3rd, 2016 - OOTP Baseball 16.9 Build 39